 Dungeon Crawl Stone Soup version 0.31-a0-675-g238779eb0a (webtiles) character file.

Game seed: 3001362709229442273

3783 qw the Skirmisher (level 10, -1/64 HPs)
             Began as a Gargoyle Hunter on Sept 5, 2023.
             Was a Believer of Okawaru.
             Slain by a death yak (18 damage)
             ... on level 8 of the Dungeon.
             The game lasted 00:02:58 (6529 turns).

qw the Skirmisher (Gargoyle Hunter)                 Turns: 6529, Time: 00:02:58

Health: -1/64      AC: 21    Str: 20 (21) XL:     10   Next: 16%
Magic:  12/13      EV: 16    Int:  9 (10) God:    Okawaru [**....]
Gold:   255        SH:  0    Dex: 17      Spells: 9/9 levels left

rFire   . . .        o - +0 orcbow
rCold   + . .        (shield currently unavailable)
rNeg    + . .        i - +2 leather armour {rF+}
rPois   inf          (no helmet)
rElec   +            g - +0 cloak
rCorr   .            k - +0 pair of gloves
SInv    .            s - +0 pair of boots
Will    .....        (no amulet)
Stlth   +++          h - +4 ring of protection
HPRegen 0.30/turn    b - +6 ring of strength
MPRegen 0.13/turn

%: clarity
@: heroic
A: sickness immunity, AC +7, negative energy resistance 1, electricity
resistance, torment resistance 1, petrification resistance, clarity, cold
resistance 1, deterioration 1, heat vulnerability 1
a: Renounce Religion, Heroism


You were on level 8 of the Dungeon.
You worshipped Okawaru.
Okawaru was pleased with you.
You visited 2 branches of the dungeon, and saw 10 of its levels.

You collected 255 gold pieces.


Innate Abilities, Weirdness & Mutations

You are immune to sickness and miasma.
Your stone body is resilient. (AC +7)
You are immune to poison.
You resist negative energy. (rN+)
You are resistant to electric shocks. (rElec)
You are resistant to unholy torment.
You are immune to petrification.
You possess an exceptional clarity of mind.
Your flesh is cold resistant. (rC+)
Your body sometimes deteriorates upon taking damage.
You are vulnerable to heat. (rF-)


   Skills:
 - Level 8.1(13.1) Fighting
 + Level 11.3(16.3) Ranged Weapons
 - Level 3.8(8.8) Armour
 - Level 3.2(8.2) Dodging
 - Level 1.1(6.1) Stealth
 - Level 4.1 Invocations


You had 9 spell levels left.
You didn't know any spells.
Your spell library was empty.

Inventory:

Hand Weapons
 o - a +0 orcbow (weapon)
Armour
 d - a +1 robe of cold resistance
 g - a +0 cloak (worn)
 i - a +2 leather armour of fire resistance (worn)
 k - a +0 pair of gloves (worn)
 s - a +0 pair of boots (worn)
Jewellery
 b - a +6 ring of strength (right hand)
 h - a +4 ring of protection (left hand)
 n - a ring of fire
Scrolls
 j - a scroll of identify
Potions
 c - a potion of enlightenment
 f - a potion of resistance
 l - a potion of ambrosia {unknown}
 m - a potion of magic {unknown}
 p - a potion of mutation
 q - a potion of brilliance {unknown}
 r - a potion of might {unknown}

Dungeon Overview and Level Annotations

Branches:
Dungeon (9/15)             Temple (1/1) D:5
   Lair: D:8-11         Orc: D:9-12

Altars:
Ashenzari
Cheibriados
Dithmenos
Elyvilon
Fedhas
Gozag
Hepliaklqana
Kikubaaqudgha
Makhleb
Nemelex Xobeh
Okawaru
Qazlal
Ru
Sif Muna
Trog
Uskayaw
Vehumet
Wu Jian
Xom
Yredelemnul
Zin
The Shining One

Shops:
D:8 *


Message History

The arrow hits the death yak but does no damage.
The death yak is moderately wounded.
The killer bee closely misses you. The death yak barely misses you.
You shoot an arrow. The arrow hits the death yak.
The death yak is moderately wounded.
The death yak gores you but does no damage.
You shoot an arrow. The arrow hits the death yak.
The death yak is heavily wounded.
The death yak closely misses you. The death yak gores you!
6522 ||| DRINKING 2 potions of heal wounds.
You feel much better. The death yak gores you. x2
You shoot an arrow.
The arrow hits the death yak but does no damage.
The death yak is moderately wounded.
You shoot an arrow.
The arrow hits the death yak but does no damage.
The death yak is moderately wounded.
The death yak gores you but does no damage.
The death yak misses you.
You shoot an arrow.
The arrow completely misses the death yak.
The arrow hits the hell rat.
The hell rat is lightly wounded.
The death yak gores you!
The death yak gores you but does no damage.
6526 ||| DRINKING potion of heal wounds.
You feel much better. The death yak misses you. The death yak gores you!!
Your body deteriorates!
You feel dopey.
You shoot an arrow. The arrow hits the death yak!!
The death yak is severely wounded.
The death yak barely misses you. The death yak closely misses you.
You shoot an arrow.
The arrow hits the death yak but does no damage.
The death yak is severely wounded.
You shoot an arrow. The arrow hits the death yak!!
The death yak is almost dead.
The death yak completely misses you. The death yak gores you!!
You die...

##########
........<#
########.#
#.#########
#.....yyY@#
#########Y# #r#
#r# ### #.# ##.##
###### #.####...##
.....# #.........#
####.#
#..###...#########
#.########
#..####...........


You could see 2 death yaks, a hell rat, 2 killer bees and a rat.

Vanquished Creatures
  Pikel (D:7)
  Prince Ribbit (D:8)
  Eustachio (D:4)
  5 water moccasins
  An orc warrior (D:6)
  A sky beast (D:7)
  2 ice beasts
  2 black bears
  A phantom (D:4)
  Blork the orc (D:5)
  4 scorpions
  A gnoll sergeant (D:7)
  11 killer bees (D:8)
  A lava snake (D:8)
  3 howler monkeys
  3 jellies
  2 hounds
  A gnoll bouda (D:7)
  2 orc priests
  6 orc wizards
  2 sleepcaps
  An iguana (D:5)
  2 hell rats (D:8)
  14 gnolls
  4 adders
  3 white imps
  An ufetubus (D:6)
  3 dart slugs
  29 orcs
  3 ball pythons
  4 endoplasms
  4 giant cockroaches
  4 goblins
  5 hobgoblins
  12 jackals
  3 kobolds
  4 quokkas
  9 bats
  A frilled lizard (D:1)
  6 rats
164 creatures vanquished.

Notes
Turn   | Place    | Note
-------+----------+-------------------------------------------
     0 | D:1      | qw the Gargoyle Hunter began the quest for the Orb.
     0 | D:1      | Reached XP level 1. HP: 12/12 MP: 1/1
     0 | D:1      | 0 ||| qw: Version: 0.3-a-75-g829b12e
     0 | D:1      | 0 ||| qw: Game counter: 71
     0 | D:1      | 0 ||| qw: Melee chars always use a shield: true
     0 | D:1      | 0 ||| qw: God list: Okawaru
     0 | D:1      | 0 ||| qw: Allow faded altars: false
     0 | D:1      | 0 ||| qw: Do Orc after clearing Dungeon:15 true
     0 | D:1      | 0 ||| qw: Do second Lair branch before Depths: true
     0 | D:1      | 0 ||| qw: Lair rune preference: random
     0 | D:1      | 0 ||| qw: Goals: Normal
     0 | D:1      | 0 ||| PLANNING D:1-11
    39 | D:1      | You fall into a shaft and drop 1 floor!
    67 | D:2      | 67 ||| UPGRADING to +1 robe of cold resistance.
    77 | D:2      | 77 ||| READING scroll labelled XININ KEPEPLOLE.
    78 | D:2      | 78 ||| DROPPING scroll of butterflies.
   306 | D:1      | Reached XP level 2. HP: 17/17 MP: 2/2
   474 | D:1      | Found a faded altar of an unknown god.
   569 | D:1      | Reached XP level 3. HP: 21/21 MP: 3/3
   716 | D:1      | 716 ||| DROPPING +0 leather armour.
   717 | D:1      | 717 ||| UPGRADING to +0 pair of gloves.
   722 | D:1      | 722 ||| UPGRADING to +4 ring of protection.
   723 | D:1      | 723 ||| READING scroll labelled MOPTENNECATH.
   724 | D:1      | 724 ||| READING scroll labelled ECIL WAOPS.
   728 | D:1      | 728 ||| READING scroll labelled SOEGESKETWE.
   827 | D:2      | Reached skill level 5 in Ranged Weapons
  1061 | D:2      | Reached skill level 3 in Fighting
  1117 | D:2      | Found a sparkling altar of Nemelex Xobeh.
  1257 | D:2      | Reached XP level 4. HP: 28/28 MP: 4/4
  1458 | D:2      | 1458 ||| DROPPING scarf of shadows.
  1459 | D:2      | 1459 ||| READING scroll labelled TOUV VEIZEIRIC.
  1628 | D:3      | Found a burning altar of Makhleb.
  1910 | D:3      | 1910 ||| READING scroll labelled HUICHOM JAYD.
  1911 | D:3      | 1911 ||| READING scroll labelled GOTEIL BIOKETU.
  1912 | D:3      | 1912 ||| READING scroll labelled BOIMETOGHI.
  1913 | D:3      | 1913 ||| READING scroll labelled GIKAUC LEKHLOIF.
  1914 | D:3      | 1914 ||| READING 2 scrolls of identify.
  1914 | D:3      | 1914 ||| IDENTIFYING bubbling clear potion
  2124 | D:4      | Noticed Eustachio
  2131 | D:4      | Killed Eustachio
  2132 | D:4      | Reached skill level 6 in Ranged Weapons
  2132 | D:4      | Reached XP level 5. HP: 32/32 MP: 5/5
  2138 | D:4      | Noticed a phantom
  2149 | D:4      | Killed a phantom
  2150 | D:4      | Reached XP level 6. HP: 38/38 MP: 6/6
  2379 | D:4      | Reached skill level 7 in Ranged Weapons
  2809 | D:4      | 2809 ||| DROPPING +0 ring mail.
  2810 | D:4      | 2810 ||| UPGRADING to +2 leather armour of fire resistance.
  2820 | D:4      | 2820 ||| READING 2 scrolls labelled NEUVAG RUTIO.
  2821 | D:4      | 2821 ||| DROPPING scroll of fog.
  2856 | D:5      | Entered Level 5 of the Dungeon
  2856 | D:5      | Noticed a black bear
  2860 | D:5      | Killed a black bear
  2861 | D:5      | Reached XP level 7. HP: 43/43 MP: 7/7
  2862 | D:5      | Noticed Blork the orc
  2869 | D:5      | Killed Blork the orc
  3095 | D:5      | Reached skill level 8 in Ranged Weapons
  3242 | D:5      | Reached XP level 8. HP: 48/48 MP: 8/8
  3312 | D:5      | Found a staircase to the Ecumenical Temple.
  3313 | D:5      | 3313 ||| PLANNING TEMPLE
  3313 | D:5      | 3313 ||| UPGRADING to +6 ring of strength.
  3314 | D:5      | 3314 ||| READING scroll labelled QIPOCS XYKO.
  3315 | D:5      | 3315 ||| READING 2 scrolls of identify.
  3315 | D:5      | 3315 ||| IDENTIFYING fuming clear potion
  3325 | Temple   | Entered the Ecumenical Temple
  3326 | Temple   | 3326 ||| PLANNING OKAWARU WORSHIP
  3351 | Temple   | Became a worshipper of Warmaster Okawaru
  3352 | Temple   | 3352 ||| PLANNING D:1-11
  3813 | D:6      | Found a bloodstained altar of Trog.
  3825 | D:6      | Reached skill level 9 in Ranged Weapons
  3883 | D:6      | Reached * piety under Okawaru
  3884 | D:6      | Reached skill level 6 in Fighting
  3927 | D:6      | Reached skill level 1 in Invocations
  3947 | D:6      | 3947 ||| INVOKING Heroism.
  3960 | D:6      | 3960 ||| FLEEEEING.
  3961 | D:6      | 3961 ||| FLEEEEING.
  3962 | D:6      | 3962 ||| FLEEEEING.
  3963 | D:6      | 3963 ||| FLEEEEING.
  3964 | D:6      | 3964 ||| FLEEEEING.
  3965 | D:6      | 3965 ||| STAIRDANCE
  3975 | D:5      | 3975 ||| UPGRADING to +0 cloak.
  3980 | D:5      | 3980 ||| READING scroll labelled QOUF ENEIMOC.
  4013 | D:6      | 4013 ||| SWAPPING to +0 orcbow.
  4014 | D:6      | 4014 ||| DROPPING +1 shortbow of electrocution.
  4053 | D:6      | Reached skill level 3 in Invocations
  4053 | D:6      | Reached XP level 9. HP: 41/55 MP: 9/11
  4349 | D:6      | 4349 ||| DRINKING 2 golden potions.
  4349 | D:6      | Gained mutation: Your body sometimes deteriorates upon
                  | taking damage. [potion of mutation]
  4349 | D:6      | Gained mutation: Your flesh is cold resistant. (rC+)
                  | [potion of mutation]
  4349 | D:6      | Gained mutation: You are vulnerable to heat. (rF-) [potion
                  | of mutation]
  4349 | D:6      | Gained mutation: You possess an exceptional clarity of
                  | mind. [potion of mutation]
  4382 | D:7      | 4382 ||| STAIRDANCE
  4439 | D:7      | 4439 ||| RETREATING.
  4456 | D:7      | 4456 ||| INVOKING Heroism.
  4468 | D:7      | HP: 13/55 [gnoll/+0 spear[a gnoll sergeant] (4)]
  4469 | D:7      | 4469 ||| DRINKING 2 potions of heal wounds.
  4473 | D:7      | Reached skill level 10 in Ranged Weapons
  4474 | D:7      | 4474 ||| INVOKING Heroism.
  4612 | D:7      | Reached skill level 3 in Dodging
  4711 | D:7      | 4711 ||| INVOKING Heroism.
  4713 | D:7      | 4713 ||| Stepping ~*~*~tactically~*~*~ (retreating).
  4812 | D:7      | 4812 ||| INVOKING Heroism.
  4825 | D:7      | 4825 ||| FLEEEEING.
  4826 | D:7      | 4826 ||| FLEEEEING.
  4827 | D:7      | 4827 ||| FLEEEEING.
  4828 | D:7      | 4828 ||| FLEEEEING.
  4829 | D:7      | 4829 ||| FLEEEEING.
  5032 | D:7      | Noticed Pikel
  5033 | D:7      | 5033 ||| RETREATING.
  5046 | D:7      | 5046 ||| INVOKING Heroism.
  5049 | D:7      | 5049 ||| Stepping ~*~*~tactically~*~*~ (retreating).
  5050 | D:7      | 5050 ||| Stepping ~*~*~tactically~*~*~ (retreating).
  5051 | D:7      | 5051 ||| Stepping ~*~*~tactically~*~*~ (retreating).
  5052 | D:7      | 5052 ||| Stepping ~*~*~tactically~*~*~ (retreating).
  5053 | D:7      | 5053 ||| Stepping ~*~*~tactically~*~*~ (retreating).
  5056 | D:7      | Killed Pikel
  5056 | D:7      | Reached ** piety under Okawaru
  5375 | D:7      | 5375 ||| UPGRADING to +0 pair of boots.
  5380 | D:7      | 5380 ||| READING 2 scrolls of identify.
  5380 | D:7      | 5380 ||| IDENTIFYING fizzy emerald potion
  5381 | D:7      | 5381 ||| DROPPING potion of lignification.
  5459 | D:8      | 5459 ||| INVOKING Heroism.
  5569 | D:8      | Found Xaaxte's Assorted Antiques.
  5790 | D:8      | 5790 ||| INVOKING Heroism.
  5792 | D:8      | Reached XP level 10. HP: 43/64 MP: 10/13
  5795 | D:8      | Reached skill level 11 in Ranged Weapons
  5887 | D:8      | Noticed Prince Ribbit
  5906 | D:8      | Killed Prince Ribbit
  5907 | D:8      | Reached skill level 3 in Armour
  6310 | D:8      | 6310 ||| READING 2 scrolls of identify.
  6310 | D:8      | 6310 ||| IDENTIFYING fizzy grey potion
  6350 | D:9      | 6350 ||| STAIRDANCE
  6418 | D:9      | Noticed a death yak
  6418 | D:9      | Noticed a death yak
  6419 | D:9      | 6419 ||| STAIRDANCE
  6431 | D:8      | 6431 ||| INVOKING Heroism.
  6511 | D:9      | Noticed a death yak
  6512 | D:9      | 6512 ||| STAIRDANCE
  6514 | D:8      | 6514 ||| INVOKING Heroism.
  6521 | D:8      | HP: 14/64 [death yak (14)]
  6522 | D:8      | 6522 ||| DRINKING 2 potions of heal wounds.
  6526 | D:8      | 6526 ||| DRINKING potion of heal wounds.
  6526 | D:8      | HP: 16/64 [death yak (20)]
  6529 | D:8      | Slain by a death yak

Levels and vault maps discovered:
D:1:      saegor_arrival_simple_a, layout_loops_cross,
          hellmonk_ecumenical_altar_slurped_away, serial_forest,
          infiniplex_forest_zigzag_2, infiniplex_forest_end_1,
          infiniplex_forest_zigzag_1, infiniplex_forest_end_3,
          infiniplex_forest_clump_diagonal, infiniplex_forest_clump_small,
          infiniplex_forest_lined_3_way, infiniplex_forest_lined_4_way,
          infiniplex_forest_corner_1, infiniplex_forest_end_1, hex_medium
D:2:      layout_basic, basic_altar, skrybe_limestone_x
D:3:      layout_basic, old_standard_altar
D:4:      layout_gridville, uniq_eustachio
D:5:      layout_gridville, minmay_temple_entry_nine_rooms, uniq_blork_the_orc
D:6:      layout_rooms, trog_three_pillars_becter
D:7:      layout_gridville, uniq_pikel
D:8:      layout_loops_ring, serial_shops, shop, minmay_strange_pillars,
          kennysheep_generic_room_6, uniq_prince_ribbit1
D:9:      layout_basic, dpeg_lair_monsters, david_orc_3, st_stairs_4
Temple:   mainiacjoe_temple_cubbyholes

Skill      XL: |  1  2  3  4  5  6  7  8  9 10 |
---------------+-------------------------------+-----
Ranged Weapons | 5 6 7 8 9 10 11 | 11.3
Fighting       | 3 4 6 8 |  8.1
Armour         | 2 3 |  3.8
Dodging        | 2 3 |  3.2
Invocations    | 3 4 |  4.1
Stealth        | |  1.1

Action                     |  1- 3 |  4- 6 |  7- 9 | 10-12 || total
---------------------------+-------+-------+-------+-------++-------
   Fire: Shortbow          |    95 |    95 |   176 |       ||   366
         Orcbow            |       |       |   249 |    77 ||   326
 Invoke: Heroism           |       |       |     8 |     2 ||    10
    Use: Scroll            |     4 |     7 |     4 |     1 ||    16
         Potion            |       |       |     2 |     2 ||     4
 Armour: Leather armour    |     3 |       |   184 |    83 ||   270
         Robe              |    20 |    22 |       |       ||    42
  Dodge: Dodged            |    32 |    14 |   192 |   101 ||   339

Table legend:
 A = Non-vault XP
 B = Vault XP
 C = Vault XP percentage of total XP
 D = Non-vault monster count
 E = Vault monster count
 F = Vault count percentage of total count
                 A         B        C        D         E       F
            +---------+---------+-------+---------+---------+-------
      Total |    4053 |    1352 |  25.0 |     154 |      10 |   6.1
            +---------+---------+-------+---------+---------+-------
        D:1 |      34 |       2 |   5.6 |      18 |       1 |   5.3
        D:2 |      64 |       0 |   0.0 |      22 |       0 |   0.0
        D:3 |      14 |       0 |   0.0 |       8 |       0 |   0.0
        D:4 |     200 |     191 |  48.8 |      16 |       1 |   5.9
        D:5 |     806 |     100 |  11.0 |      15 |       1 |   6.2
        D:6 |    1093 |       0 |   0.0 |      26 |       0 |   0.0
        D:7 |     802 |     663 |  45.3 |      26 |       1 |   3.7
        D:8 |    1040 |     396 |  27.6 |      23 |       6 |  20.7
            +---------+---------+-------+---------+---------+-------
